 Dungeon Sprint DCSS version 0.23.2-1-ga50397a6bc (webtiles) character file.

Game seed: 17130135676266684782

19250 Morrissey the Warrior (level 12, -20/127 HPs)
             Began as a Minotaur Fighter on May 20, 2019.
             Was the Champion of Makhleb.
             Demolished by an orc warlord
             ... wielding a +2 great sword
              (28 damage)
             ... in the Dungeon (Sprint VII: "The Pits").
             The game lasted 00:11:15 (2128 turns).

Morrissey the Warrior (Minotaur Fighter)            Turns: 2128, Time: 00:11:16

Health: -20/127    AC: 24    Str: 29    XL:     12   Next: 34%
Magic:  23/23      EV: 14    Int:  5    God:    Makhleb [******]
Gold:   7          SH:  0    Dex: 10    Spells: 11/11 levels left

rFire    . . .     SeeInvis .   a - +1 broad axe (chop)
rCold    . . .     Gourm    .   (no shield)
rNeg     . . .     Faith    .   u - +3 plate armour
rPois    .         Spirit   .   (helmet restricted)
rElec    .         Reflect  .   (no cloak)
rCorr    .         Harm     .   b - +0 pair of gloves
MR       .....     NoTele   +   q - +0 pair of boots
Stlth    ..........             (no amulet)
HPRegen  0.31/turn              r - +3 ring of strength
MPRegen  0.18/turn              s - +3 ring of evasion

@: no status effects
A: retaliatory headbutt, horns 2
a: Minor Destruction, Lesser Servant of Makhleb, Major Destruction, Greater
Servant of Makhleb, Renounce Religion


You were in the Dungeon.
You worshipped Makhleb.
Makhleb was exalted by your worship.
You were not hungry.

You visited 1 branch You collected 7 gold pieces.

Inventory:

Hand Weapons
 a - a +1 broad axe of chopping (weapon)
Armour
 b - a +0 pair of gloves (worn)
 q - a +0 pair of boots (worn)
 u - a +3 plate armour (worn)
Jewellery
 r - a +3 ring of strength (left hand)
 s - a +3 ring of evasion (right hand)
 t - an uncursed ring of protection from fire
 x - an uncursed ring of protection from magic
 y - an uncursed ring of stealth
Wands
 c - a wand of flame (6)
Scrolls
 k - a scroll of blinking
 m - 5 scrolls of remove curse
 n - 5 scrolls of amnesia
 o - a scroll of summoning
 z - a scroll of fog
 B - 2 scrolls of identify
 D - 4 scrolls of enchant weapon
Potions
 d - 2 potions of might
 e - 8 potions of curing
 g - 7 potions of heal wounds
 h - 4 potions of haste
 i - 4 potions of magic
 j - 4 potions of berserk rage
 l - 2 potions of invisibility
 v - a potion of agility
 w - 3 potions of brilliance
 A - a potion of resistance
 C - a potion of mutation
Comestibles
 f - 9 rations
 p - 14 chunks of flesh


   Skills:
 + Level 18.1 Fighting
 - Level 18.0 Axes
 - Level 16.9 Armour
 + Level 7.1 Dodging
   Level 3.6 Shields
 - Level 16.2 Invocations


You had 11 spell levels left.
You didn't know any spells.
Your spell library contained the following spells:

 Spells                   Type           Power        Failure   Level  Hunger
 Infusion                 Chrm           #...         95%         1    ##.....
 Shroud of Golubria       Chrm/Tloc      #.........   99%         2    ###....
 Song of Slaying          Chrm           #.......     99%         2    ###....
 Regeneration             Chrm/Necr      #.........   100%        3    ####...
 Spectral Weapon          Hex/Chrm       #.......     100%        3    ####...


Dungeon Overview and Level Annotations

Branches:
Dungeon (1/1)

Altars:
Ashenzari
Cheibriados
Dithmenos
Elyvilon
Fedhas
Gozag
Hepliaklqana
Kikubaaqudgha
Makhleb
Nemelex Xobeh
Okawaru
Qazlal
Ru
Sif Muna
Trog
Uskayaw
Vehumet
Wu Jian
Xom
Yredelemnul
Zin
The Shining One
Beogh
Jiyva
Lugonu


Innate Abilities, Weirdness & Mutations

You reflexively headbutt those who attack you in melee.
You have a pair of horns on your head.


Message History

* * * LOW HITPOINT WARNING * * *
You hit the orc warlord but do no damage.
You headbutt the orc warlord, but do no damage.
The orc warlord is lightly wounded.
You slice the orc warlord!! Your headbutt misses the orc warlord.
The orc warlord is moderately wounded.
The orc warlord hits you but does no damage.
You hit the orc warlord but do no damage.
The orc warlord is moderately wounded.
You chop the orc warlord into pieces!!!
You headbutt the orc warlord, but do no damage.
The orc warlord is severely wounded.
The orc warlord roars a battlecry!
The orc knight goes into a battle-frenzy!
You completely miss the orc warlord.
The orc warlord is severely wounded.
The orc knight roars a battlecry!
The orc warlord goes into a battle-frenzy!
The orc warlord hits you with a +2 great sword!!
You die...

#..####++## #..# #..#
+##############..# ####
.............o...# __.#
...........m.....# __.#
#####'o##########
...###########')##########
##'##..........o@....##..#
)'.##......#..#......##..#
##.##................''..#
....'................''..########
#####......#..#......##..).(...((
#..##................##..))......
#).#####'#####'(#################
#))##.......##''##### ##########
#))##.......##......# #.........


You could see an orc warlord and an orc knight.

Vanquished Creatures
  Josephine (D)
  A catoblepas (D)
  An alligator (D)
  2 deep elf knights (D)
  A fire crab (D)
  A wizard (D)
  A shadow wraith (D)
  2 sea snakes (D)
  A deep elf archer (D)
  Pikel (D)
  An ugly thing (D)
  A deep elf mage (D)
  3 slime creatures (D)
  A cyclops (D)
  2 molten gargoyles (D)
  2 black mambas (D)
  A spiny frog (D)
  A smoke demon (D)
  An eye of devastation (D)
  4 kobold demonologists (D)
  A guardian mummy (D)
  An efreet (D)
  A merfolk (D)
  A polar bear (D)
  A tyrant leech (D)
  A hippogriff (D)
  5 dream sheep (D)
  A bog body (D)
  4 blink frogs (D)
  2 redbacks (D)
  A shadow (D)
  5 wraiths (D)
  2 fire bats (D)
  A hungry ghost (D)
  2 wargs (D)
  2 neqoxecs (D)
  3 vampire mosquitoes (D)
  A water moccasin (D)
  A floating eye (D)
  Purgy (D)
  4 slaves (D)
  A necrophage (D)
  6 wolves (D)
  A centaur (D)
  A crocodile (D)
  A bullfrog (D)
  2 big kobolds (D)
  A gnoll sergeant (D)
  3 killer bees (D)
  A quasit (D)
  A small abomination (D)
  An orc priest (D)
  2 worker ants (D)
  An orc wizard (D)
  A mummy (D)
  4 gnolls (D)
  2 ufetubi (D)
  An ooze (D)
  3 orcs (D)
  2 ball pythons (D)
  A giant cockroach (D)
  2 hobgoblins (D)
  5 kobolds (D)
  A quokka (D)
  A rat (D)
115 creatures vanquished.

Vanquished Creatures (collateral kills)
  An orc knight (D)
  An orc priest (D)
2 creatures vanquished.

Vanquished Creatures (others)
  A fire bat (D)
1 creature vanquished.

Grand Total: 118 creatures vanquished

Notes
Turn   | Place    | Note
-------+----------+-------------------------------------------
     0 | D        | Morrissey the Minotaur Fighter began the quest for the Orb.
     0 | D        | Reached XP level 1. HP: 19/19 MP: 0/0
    42 | D        | Found a bloodstained altar of Trog.
    42 | D        | Found a deep blue altar of Sif Muna.
    42 | D        | Found a viscous altar of Jiyva.
    42 | D        | Found a hazy altar of Hepliaklqana.
    42 | D        | Found an opulent altar of Gozag.
    43 | D        | Found a glowing golden altar of the Shining One.
    43 | D        | Found a glowing silver altar of Zin.
    43 | D        | Found a basalt altar of Yredelemnul.
    43 | D        | Found a shimmering altar of Xom.
    43 | D        | Found an ornate altar of the Wu Jian Council.
    43 | D        | Found a sacrificial altar of Ru.
    43 | D        | Found a stormy altar of Qazlal.
    43 | D        | Found an iron altar of Okawaru.
    43 | D        | Found a sparkling altar of Nemelex Xobeh.
    43 | D        | Found a burning altar of Makhleb.
    43 | D        | Found a blossoming altar of Fedhas.
    43 | D        | Found a white marble altar of Elyvilon.
    43 | D        | Found a shadowy altar of Dithmenos.
    43 | D        | Found a snail-covered altar of Cheibriados.
    44 | D        | Found a radiant altar of Vehumet.
    44 | D        | Found a corrupted altar of Lugonu.
    44 | D        | Found a roughly hewn altar of Beogh.
    45 | D        | Found an ancient bone altar of Kikubaaqudgha.
    45 | D        | Found a hide-covered altar of Uskayaw.
    45 | D        | Found a shattered altar of Ashenzari.
    55 | D        | Became a worshipper of Makhleb the Destroyer
    84 | D        | Reached * piety under Makhleb
    89 | D        | Noticed a worker ant
    91 | D        | Reached XP level 2. HP: 28/28 MP: 1/1
    95 | D        | Reached ** piety under Makhleb
   100 | D        | Reached skill level 5 in Fighting
   100 | D        | Reached skill level 5 in Armour
   100 | D        | Reached XP level 3. HP: 17/36 MP: 2/2
   168 | D        | Noticed a centaur
   168 | D        | Noticed a warg
   168 | D        | Noticed a slave
   169 | D        | Noticed a slave
   191 | D        | Killed a warg
   191 | D        | Reached XP level 4. HP: 47/47 MP: 3/3
   191 | D        | Reached XP level 5. HP: 52/52 MP: 4/4
   194 | D        | Killed a centaur
   194 | D        | Reached *** piety under Makhleb
   194 | D        | Reached skill level 10 in Axes
   197 | D        | Killed a slave
   200 | D        | Killed a slave
   248 | D        | Noticed a slave
   257 | D        | Killed a slave
   265 | D        | Noticed Pikel
   266 | D        | Noticed a slave
   272 | D        | Killed Pikel
   272 | D        | Reached **** piety under Makhleb
   272 | D        | Reached skill level 10 in Fighting
   272 | D        | Reached skill level 10 in Armour
   272 | D        | Reached XP level 6. HP: 48/66 MP: 5/5
   272 | D        | Reached XP level 7. HP: 53/72 MP: 6/6
   428 | D        | Noticed Purgy
   428 | D        | Noticed a fire bat
   437 | D        | Killed a fire bat
   437 | D        | Reached XP level 8. HP: 71/82 MP: 7/7
   438 | D        | Reached ***** piety under Makhleb
   445 | D        | Killed Purgy
   480 | D        | Reached skill level 1 in Invocations
   485 | D        | Noticed a kobold demonologist
   497 | D        | Killed a kobold demonologist
   497 | D        | Reached skill level 15 in Axes
   631 | D        | Noticed a fire crab
   631 | D        | Noticed a bog body
   633 | D        | Killed a fire crab
   633 | D        | Reached XP level 9. HP: 88/90 MP: 9/11
   652 | D        | Noticed a spiny frog
   652 | D        | Noticed a sea snake
   652 | D        | Noticed a smoke demon
   656 | D        | Killed a spiny frog
   656 | D        | Reached skill level 5 in Invocations
   658 | D        | Killed a sea snake
   658 | D        | Reached ****** piety under Makhleb
   660 | D        | Killed a smoke demon
   743 | D        | Noticed a sea snake
   750 | D        | Reached XP level 10. HP: 85/101 MP: 12/14
   753 | D        | Killed a sea snake
   877 | D        | Noticed a black mamba
   886 | D        | Killed a black mamba
   896 | D        | Noticed Josephine
   897 | D        | Paralysed by a floating eye for 4 turns
   907 | D        | Paralysed by a floating eye for 3 turns
   912 | D        | Killed Josephine
   914 | D        | Paralysed by a floating eye for 4 turns
   923 | D        | Reached skill level 10 in Invocations
   929 | D        | Reached skill level 15 in Fighting
   929 | D        | Reached skill level 15 in Armour
  1041 | D        | Reached XP level 11. HP: 54/112 MP: 18/18
  1124 | D        | Noticed a red ugly thing
  1138 | D        | Killed a red ugly thing
  1154 | D        | Killed a shadow wraith
  1269 | D        | Noticed an alligator
  1270 | D        | Noticed a catoblepas
  1288 | D        | Noticed a green death
  1307 | D        | Killed an alligator
  1609 | D        | Killed a catoblepas
  1819 | D        | Reached skill level 1 in Dodging
  1835 | D        | Reached skill level 15 in Invocations
  1838 | D        | Reached XP level 12. HP: 96/125 MP: 22/22
  1930 | D        | Reached skill level 5 in Dodging
  2059 | D        | Noticed an orc warlord
  2059 | D        | Noticed an orc warlord
  2069 | D        | HP: 6/127 [orc knight/+2 war axe (10)]
  2122 | D        | HP: 5/127 [merfolk/cursed -2 trident (4)]
  2128 | D        | Demolished by an orc warlord

Skill      XL: |  1  2  3  4  5  6  7  8  9 10 11 12 |
---------------+-------------------------------------+-----
Axes           | 4 6 9 13 14 16 17 18 | 18.0
Fighting       | 4 5 7 10 11 12 13 15 17 18 | 18.1
Armour         | 4 5 7 10 11 12 13 15 16 | 16.9
Invocations    | 4 6 11 15 16 | 16.2
Dodging        | 3 7 |  7.1
Shields        | |  3.6

Action                   |  1- 3 |  4- 6 |  7- 9 | 10-12 || total
-------------------------+-------+-------+-------+-------++-------
Melee: War axe           |    20 |       |    19 |       ||    39
       Headbutt          |     6 |     7 |    16 |    65 ||    94
       Hand axe          |    10 |    23 |    31 |       ||    64
       Broad axe         |       |       |    22 |   226 ||   248
Invok: Greater Servant o |       |       |       |     3 ||     3
  Use: Potion            |     2 |       |       |     8 ||    10
       Scroll            |       |       |       |     1 ||     1
 Stab: Petrified         |       |       |       |     9 ||     9
       Distracted        |       |       |       |     1 ||     1
  Eat: Chunk             |       |       |       |     5 ||     5
Armor: Scale mail        |    13 |       |       |       ||    13
       Chain mail        |     6 |     4 |    17 |       ||    27
       Plate armour      |       |       |     6 |   134 ||   140
Dodge: Dodged            |    26 |     9 |    26 |   110 ||   171
